 Dungeon Crawl Stone Soup version 0.30-a0-1-g69b7b797bf (webtiles) character file.

Game seed: 5301236552691463445

4 Plasmagod the Digger (level 1, -1/14 HPs)
             Began as a Demigod Earth Elementalist on Aug 19, 2022.
             Slain by a gnoll
             ... wielding a +0 club
              (6 damage)
             ... on level 1 of the Dungeon.
             The game lasted 00:01:39 (196 turns).

Plasmagod the Digger (Demigod Earth Elementalist)    Turns: 196, Time: 00:01:40

Health: -1/14      AC:  2    Str:  9    XL:     1   Next: 46%
Magic:  1/5        EV: 12    Int: 17    God:
Gold:   14         SH:  0    Dex: 14    Spells: 2/3 levels left

rFire   . . .      SeeInvis .    (no weapon)
rCold   . . .      Faith    .    (no shield)
rNeg    . . .      Spirit   .    a - +0 robe
rPois   .          Reflect  .    (no helmet)
rElec   .          Harm     .    (no cloak)
rCorr   .          Rampage  .    (no gloves)
Will    .....                    (no boots)
Stlth   ++........               (no amulet)
HPRegen 0.04/turn                (no ring)
MPRegen 0.09/turn                (no ring)

@: no status effects
A: high MP 1, forlorn, divine attributes
a: no special abilities


You were on level 1 of the Dungeon.
You visited 1 branch of the dungeon, and saw 1 of its levels.

You collected 14 gold pieces.

Inventory:

Armour
 a - a +0 robe (worn)
Scrolls
 c - a scroll of noise {unknown}
 d - a scroll of fear {unknown}
Potions
 b - a potion of magic
 e - a potion of heal wounds {unknown}


   Skills:
 + Level 1.8 Dodging
 + Level 1.9 Stealth
 + Level 1.8 Spellcasting
 + Level 1.0 Transmutations
 + Level 2.7 Earth Magic


You had 2 spell levels left.
You knew the following spells:

 Your Spells              Type           Power      Damage    Failure   Level
a - Sandblast             Erth           20%        2d7       6%          1

Your spell library contained the following spells:

 Spells                   Type           Power      Damage    Failure   Level
 Passwall                 Tmut/Erth      6%         N/A       14%         2
 Stone Arrow              Conj/Erth      12%        3d7       32%         3
 Petrify                  Tmut/Erth      8%         N/A       65%         4


Dungeon Overview and Level Annotations

Branches:
Dungeon (1/15)


Innate Abilities, Weirdness & Mutations

You have an increased reservoir of magic. (+10% MP)
You shall have no god before yourself.
Your divine heritage dramatically boosts your attributes as you level up.


Message History

You now have 14 gold pieces.
A gnoll comes into view. It is wielding a +0 club.
The blast of sand hits the gnoll.
The gnoll is lightly wounded.
The gnoll shouts!
The blast of sand misses the gnoll.
The blast of sand hits the gnoll but does no damage.
The gnoll hits you with a +0 club. x2
You are too injured to fight recklessly!
Casting: Sandblast (safe; 6% risk of failure)
Confirm with . or Enter, or press ? or * to list all spells.
Aiming: Sandblast (safe; 6% risk of failure)
Press: ? - help, Shift-Dir - straight line, f/p - gnoll
Aim: a gnoll, wielding a +0 club (84% to hit)
The blast of sand hits the gnoll.
The gnoll is moderately wounded.
The gnoll hits you but does no damage.
Casting: Sandblast (safe; 6% risk of failure)
Confirm with . or Enter, or press ? or * to list all spells.
Aiming: Sandblast (safe; 6% risk of failure)
Press: ? - help, Shift-Dir - straight line, f/p - gnoll
Aim: a gnoll, wielding a +0 club (moderately wounded, 84% to hit)
The blast of sand hits the gnoll.
The gnoll is severely wounded.
The gnoll hits you with a +0 club.
* * * LOW HITPOINT WARNING * * *
The gnoll misses you.
You closely miss the gnoll.
The gnoll is severely wounded.
The gnoll hits you but does no damage.
You closely miss the gnoll.
The gnoll is severely wounded.
The gnoll misses you.
You completely miss the gnoll.
The gnoll is severely wounded.
The gnoll closely misses you.
You hit the gnoll.
The gnoll is severely wounded.
The gnoll hits you with a +0 club.
You die...

#..........#........
#......#.#.....#....
#......#.#..#...##..
#....#.#..#...####
#.........#....# #
#..............#
#...##.##.#.....#
#...##....#.....##
#@######........##
#.g....#......####
######.#....### #
#..### ####


You could see a gnoll.

Vanquished Creatures
  An endoplasm (D:1)
  A hobgoblin (D:1)
  2 bats (D:1)
4 creatures vanquished.

Notes
Turn   | Place    | Note
-------+----------+-------------------------------------------
     0 | D:1      | Plasmagod the Demigod Earth Elementalist began the quest
                  | for the Orb.
     0 | D:1      | Reached XP level 1. HP: 14/14 MP: 5/5
    86 | D:1      | Reached skill level 1 in Transmutations
   196 | D:1      | Slain by a gnoll

Illustrated notes

Levels and vault maps discovered:
D:1:      onia_arrival_pentagram, layout_basic,
          hellmonk_ecumenical_altar_heavens_door, kennysheep_flooded_box

Skill      XL: |  1 |
---------------+----+-----
Transmutations | 1 |  1.0
Dodging        | |  1.8
Stealth        | |  1.9
Spellcasting   | |  1.8
Earth Magic    | |  2.7

Action                   || total
-------------------------++-------
Melee: Unarmed           ||     4
 Cast: Sandblast         ||    10
Armor: Robe              ||     4
Dodge: Dodged            ||     4

Table legend: (Time is in decaauts)
 A = Elapsed time spent in this place.
 B = Non-inter-level travel time spent in this place.
 C = Inter-level travel time spent in this place.
 D = Time resting spent in this place.
 E = Time spent auto-exploring this place.
 F = Levels seen in this place.
 G = Mean time per level.
                   A        B        C        D        E       F      G
               +--------+--------+--------+--------+--------+-----+--------+
         Total |    201 |    201 |      0 |      0 |    169 |   1 |  201.0 |
       Dungeon |    201 |    201 |      0 |      0 |    169 |   1 |  201.0 |
               +--------+--------+--------+--------+--------+-----+--------+

Top non-repeatable levels by time:
     D:1: 201 daAuts
